 Dungeon Crawl Stone Soup version 0.29.1-13-g9f3cf754e1 (webtiles) character file.

Game seed: 12936397345085011327

46 ChrisAssaf the Magician (level 3, 0/25 HPs)
             Began as a Djinni Air Elementalist on Feb 1, 2023.
             Killed from afar by a white imp (5 damage)
             ... with a puff of frost
             ... on level 3 of the Dungeon.
             The game lasted 00:04:58 (1824 turns).

ChrisAssaf the Magician (Djinni Air Elementalist)   Turns: 1824, Time: 00:04:59

Health: 0/25       AC:  4    Str: 11    XL:     3   Next: 92%
Gold:   92         EV: 12    Int: 17    God:
                   SH:  0    Dex: 12

rFire   + + .      SeeInvis .   (no weapon)
rCold   . . .      Faith    .   (no shield)
rNeg    . . .      Spirit   .   b - +1 leather armour {rC+}
rPois   ∞          Reflect  .   (no helmet)
rElec   .          Harm     .   (no cloak)
rCorr   .          Rampage  .   (no gloves)
Will    .....                   (boots unavailable)
Stlth   ++........              (no amulet)
HPRegen 0.08/turn               (no ring)
MPRegen 0.00/turn               (no ring)

@: about to teleport, flying
A: sickness immunity, fire resistance 2, cold vulnerability 1, float, innate
caster, HP casting, extra vitality 1, strong 1
a: no special abilities


You were on level 3 of the Dungeon.
You visited 1 branch of the dungeon, and saw 3 of its levels.

You collected 92 gold pieces.

Inventory:

Missiles
 d - 4 boomerangs (quivered)
 g - 3 poisoned darts
Armour
 a - a +0 robe
 b - a +1 leather armour of cold resistance (worn)
Wands
 c - a wand of polymorph (4)
Potions
 e - a potion of ambrosia {unknown}


   Skills:
 * Level 0.4 Armour
 * Level 2.4 Dodging
 * Level 1.8 Stealth
 * Level 3.2 Spellcasting


You couldn't memorise any spells.
You knew the following spells:

 Your Spells              Type           Power      Damage    Failure   Level
a - Shock                 Conj/Air       52%        1d6       6%          1
b - Static Discharge      Conj/Air       13%        3-5/arc   9%          2
c - Swiftness             Air            13%        N/A       17%         3
d - Airstrike             Air            6%         2d(1-17)  50%         4
e - Foxfire               Conj/Fire      52%        2x1d6     6%          1
Your spell library was empty.

Dungeon Overview and Level Annotations

Branches:
Dungeon (3/15)

Altars:
Fedhas
Hepliaklqana
Trog
Uskayaw
Yredelemnul


Innate Abilities, Weirdness & Mutations

You are immune to sickness and miasma.
You are immune to poison.
Your flesh is very heat resistant. (rF++)
You are vulnerable to cold. (rC-)
You float through the air rather than walking.
You learn spells naturally, not from books.
Your magical power is your life essence.
You have superior vitality. (+4 MHP)
Your muscles are strong. (Str +4, Int/Dex -1)


Message History

The gnoll is moderately wounded.
You are struck by an arc of lightning.
The gnoll is struck by an arc of lightning.
The gnoll is heavily wounded.
You are struck by an arc of lightning.
The lightning grounds out.
The gnoll hits you.
Casting: Static Discharge (safe; 10% risk of failure)
Confirm with . or Enter, or press ? or * to list all spells.
The gnoll is struck by an arc of lightning.
The gnoll is almost dead.
You are struck by an arc of lightning.
The gnoll is struck by an arc of lightning.
You kill the gnoll!
The lightning grounds out.
You see here a +0 animal skin.
You start resting.
HP restored.
You see here a +3 mace.
There is a bloodstained altar of Trog here.
You see here a +3 mace.
There is an empty arch of ancient stone here.
A white imp comes into view.
Found Sif Muna's Grimoire of Companions.
Found a shimmering blue altar of Sif Muna.
The white imp hits you. The white imp freezes you.
The white imp attacks as you move away!
The white imp hits you but does no damage.
The white imp hits you. The white imp freezes you.
The white imp barely misses you.
You see here Sif Muna's Grimoire of Companions.
The white imp gestures at you. The puff of frost hits you!
* * * LOW HITPOINT WARNING * * *
There is a shimmering blue altar of Sif Muna here.
Okay, then.
As you read the scroll of teleportation, it crumbles to dust.
You feel strangely unstable. The white imp gestures at you.
The puff of frost hits you.
You die...

#..##..####.##*#,* ########....
..####........##.#####.........≈.
...#.....##......)<.##.........≈.
........>.##,,*#)##............≈.
..........<#*,*#....##.........≈.
...........#*,*##...##...........
...........#*,,*##.[.##..........
...........#**#####...##.....†._.
...........# #.@.##...##........
...........# #.:.###...##..##...
..........## ##.5.#∩#...##.#*.≈.
...#.....## ##...###.).#.#*.≈.
########## ##...##._.#.#*.≈. #
##...#####.#*,~. #
##...#*#..#*,,, # *#...#..##*,,,
# *.....## *,,,


You could see a white imp.

Vanquished Creatures
  A gnoll (D:3)
  3 dart slugs
  A bat (D:1)
  2 endoplasms
  A giant cockroach (D:1)
  3 hobgoblins
  A jackal (D:2)
  3 kobolds
  A quokka (D:3)
  2 ball pythons
  A frilled lizard (D:1)
  4 goblins
  4 rats
27 creatures vanquished.

Vanquished Creatures (others)
  2 fungi (D:3)
2 creatures vanquished.

Grand Total: 29 creatures vanquished

Notes
Turn   | Place    | Note
-------+----------+-------------------------------------------
     0 | D:1      | ChrisAssaf the Djinni Air Elementalist began the quest for
                  | the Orb.
     0 | D:1      | ChrisAssaf set off with the following spells memorised:
                  | Shock, Static Discharge, Swiftness, Airstrike.
     0 | D:1      | Reached XP level 1. HP: 15/15 MP: 0/0
   110 | D:1      | Reached XP level 2. HP: 4/21 MP: 0/0
  1092 | D:2      | Found a basalt altar of Yredelemnul.
  1181 | D:2      | Reached skill level 3 in Spellcasting
  1181 | D:2      | Reached XP level 3. HP: 21/25 MP: 0/0
  1181 | D:2      | Learned a level 1 spell: Foxfire
  1359 | D:3      | Found a hide-covered altar of Uskayaw.
  1369 | D:3      | Found a hazy altar of Hepliaklqana.
  1537 | D:3      | Found a blossoming altar of Fedhas.
  1555 | D:3      | Gained mutation: Your natural rate of healing is unusually
                  | fast. [potion of mutation]
  1555 | D:3      | Lost mutation: Your natural rate of healing is unusually
                  | fast. [potion of mutation]
  1555 | D:3      | Gained mutation: Your muscles are strong. (Str +4, Int/Dex
                  | -1) [potion of mutation]
  1602 | D:3      | Found a bloodstained altar of Trog.
  1824 | D:3      | Killed from afar by a white imp

Illustrated notes

Levels and vault maps discovered:
D:1:      eino_arrival_druids_welcome, layout_loops_ring
D:2:      layout_basic, basic_altar, shapermc_ecumenical_altar_totnotflames,
          serial_shops, shop_fountains
D:3:      layout_rooms, nzn_overflow_gifts_of_might_and_magic,
          mainiacjoe_overflow_boulevard, mainiacjoe_overflow_catwalk_spiral

Skill      XL: |  1  2 |
---------------+-------+-----
Spellcasting   | 3 |  3.2
Armour         | |  0.4
Dodging        | |  2.4
Stealth        | |  1.8

Action                   || total
-------------------------++-------
Throw: Boomerang         ||    14
 Cast: Shock             ||    11
       Static Discharge  ||    17
  Use: Scroll            ||     8
       Potion            ||     1
Armor: Leather armour    ||     4
Dodge: Dodged            ||    14
